Map: Ascensão para Aiur LE

Players

TheZergLord - Winner!

  • Race: Zerg Zerg
  • League: Grandmaster
  • Spawn Location: 11:00

Gleen

  • Race: Terran Terran
  • League: Master
  • Spawn Location: 5:00

VOD

Have the link to the VOD?

Description

Time

  • Played on: June 12, 2017, 1:47 a.m.
  • Length: 10:51
Show
View Real Time Build Order
Export as new Build Order

TheZergLord Zerg - Winner!

Build Orders: Hatch First, Muta Ling Bane 

Get SALT Encoding   

  12  0:01  Drone  
  13  0:13  Overlord  
  13  0:17  Drone  
  14  0:32  Drone x2  
  14  0:35  Drone  
  17  0:53  Hatchery  
  17  0:56  Drone  
  17  0:59  Drone  
  17  1:02  Extractor  
  17  1:15  Spawning Pool  
  17  1:18  Drone  
  17  1:23  Drone  
  18  1:30  Drone  
  19  1:40  Overlord  
  19  2:02  Queen, Zergling x4  
  19  2:05  Metabolic Boost  
  19  2:06  Queen  
  25  2:09  Zergling x2  
  25  2:15  Drone  
  27  2:17  Drone  
  28  2:23  Drone  
  28  2:27  Drone  
  30  2:33  Drone  
  31  2:37  Drone  
  32  2:48  Hatchery  
  31  2:52  Drone  
  31  2:53  Drone  
  31  2:56  Overlord  
  33  3:00  Drone  
  33  3:03  Queen  
  36  3:12  Overlord  
  36  3:15  Drone x2  
  36  3:16  Drone  
  36  3:17  Drone x2  
  41  3:22  Drone x2  
  41  3:23  Drone  
  44  3:28  Overlord  
  44  3:35  Queen  
  44  3:39  Queen  
  48  3:46  Zergling x6  
  52  3:48  Drone x2  
  52  3:55  Overlord  
  53  3:56  Drone  
  53  4:01  Queen  
  56  4:03  Drone x3  
  56  4:07  Overlord  
  59  4:11  Queen  
  59  4:16  Queen  
  60  4:20  Overlord  
  60  4:23  Drone x2  
  60  4:24  Drone  
  65  4:25  Drone  
  65  4:28  Drone x2  
  67  4:32  Spore Crawler  
  67  4:38  Drone  
  67  4:39  Queen  
  67  4:43  Zergling x12  
  67  4:44  Zergling x2  
  77  4:49  Evolution Chamber x2  
  75  4:58  Zergling x10  
  75  4:59  Zergling x2  
  81  5:07  Overlord  
  81  5:13  Overlord x3  
  81  5:19  Zerg Melee Weapons Level 1, Zerg Ground Armor Level 1  
  81  5:23  Baneling Nest  
  80  5:30  Drone x2  
  80  5:31  Drone  
  80  5:32  Drone x4  
  80  5:35  Overlord  
  87  5:36  Drone x2  
  87  5:37  Drone x3  
  87  5:41  Drone  
  93  5:47  Extractor  
  93  5:48  Hatchery, Extractor  
  93  5:49  Zergling x6  
  93  5:50  Zergling x4  
  87  6:07  Baneling  
  86  6:12  Lair  
  86  6:15  Drone x11  
  97  6:22  Drone  
  93  6:27  Drone x2  
  95  6:34  Extractor  
  95  6:36  Extractor  
  95  6:37  Extractor  
  95  6:39  Drone x3  
  95  6:46  Overlord x2, Hatchery  
  95  6:47  Zergling x10  
  99  6:57  Zergling x4  
  99  6:58  Zergling x2  
  99  7:00  Queen  
  103  7:12  Spire  
  100  7:30  Zergling x12  
  100  7:31  Zergling x18  
  100  7:32  Zerg Ground Armor Level 2, Zerg Melee Weapons Level 2  
  100  7:35  Drone x4  
  119  7:39  Drone x2  
  119  7:42  Drone  
  122  7:46  Centrifical Hooks  
  122  7:52  Overseer  
  122  7:54  Overlord x4  
  122  8:04  Zergling x2  
  122  8:05  Zergling x24  
  135  8:06  Queen  
  137  8:14  Pneumatized Carapace  
  137  8:15  Overlord x2  
  137  8:23  Mutalisk  
  137  8:24  Mutalisk x7  
  137  8:26  Overseer  
  153  8:28  Zergling x4  
  153  8:29  Zergling x6  
  158  8:38  Zergling x12  
  158  8:39  Zergling x8  
  168  8:44  Baneling x9  
  168  8:45  Baneling x3  
  168  8:47  Baneling  
  168  8:48  Baneling  
  168  8:49  Zergling x2  
  168  8:50  Zergling x10  
  172  9:05  Zergling x2  
  172  9:06  Zergling x28  
  187  9:10  Baneling x5  
  177  9:21  Zergling x4  
  177  9:22  Zergling x12  
  156  9:35  Mutalisk x3  
  156  9:36  Mutalisk x3  
  164  9:47  Mutalisk x2  
  164  9:52  Baneling  
  164  9:53  Baneling x4  
  164  9:54  Drone  
  165  10:03  Baneling x2  
  165  10:04  Zergling x26  
  165  10:05  Zergling x4  
  180  10:07  Hatchery  
  159  10:29  Zergling x12  
  159  10:30  Zergling x26  
Show
View Real Time Build Order
Export as new Build Order

Gleen Terran 

Build Orders: Reaper Expand, MMM Bio 

Get SALT Encoding   

  12  0:01  SCV  
  13  0:13  SCV  
  14  0:17  Supply Depot  
  14  0:25  SCV  
  15  0:39  SCV  
  15  0:41  Barracks  
  16  0:45  Refinery  
  16  0:51  SCV  
  17  1:03  SCV  
  18  1:15  SCV  
  19  1:29  Reaper, Orbital Command  
  20  1:42  Command Center  
  20  1:54  SCV  
  20  1:59  Barracks  
  21  2:05  Barracks Reactor  
  21  2:08  SCV  
  21  2:12  Refinery  
  22  2:16  Supply Depot  
  22  2:20  SCV  
  23  2:29  Factory  
  23  2:39  SCV  
  23  2:42  Marine x2  
  26  2:48  Barracks Tech Lab  
  26  2:51  SCV  
  26  2:55  Orbital Command  
  27  3:00  Marine  
  27  3:04  SCV  
  29  3:09  Marine x2  
  31  3:13  Stimpack  
  31  3:16  SCV  
  32  3:22  Marine  
  32  3:25  SCV  
  32  3:27  Marine  
  34  3:28  SCV  
  36  3:37  SCV  
  36  3:39  Factory Reactor  
  36  3:40  SCV  
  38  3:42  Starport  
  38  3:46  Marine x2  
  38  3:47  Marine  
  41  3:49  SCV  
  41  3:52  SCV  
  41  3:53  Supply Depot  
  43  4:01  SCV  
  44  4:04  Marine, SCV  
  46  4:15  Marine, SCV  
  46  4:16  Supply Depot x2, SCV  
  49  4:27  SCV  
  49  4:28  Supply Depot  
  50  4:31  SCV  
  50  4:35  Marine  
  50  4:36  Medivac, Marine  
  50  4:37  Widow Mine, Medivac  
  58  4:38  Supply Depot  
  58  4:40  Marine  
  58  4:42  SCV  
  58  4:44  SCV  
  61  4:53  Marine  
  61  4:54  Command Center, SCV  
  61  4:56  Marine  
  61  4:58  Marine  
  65  5:04  SCV  
  65  5:05  Widow Mine  
  65  5:06  Medivac  
  70  5:07  Supply Depot  
  70  5:11  Marine  
  70  5:13  SCV  
  72  5:14  Marine  
  72  5:17  Engineering Bay, SCV  
  72  5:18  Engineering Bay  
  74  5:21  Marine  
  74  5:22  Liberator  
  75  5:29  SCV  
  75  5:30  Barracks  
  75  5:33  Marine x2  
  75  5:34  Barracks  
  78  5:42  SCV  
  82  5:43  SCV  
  83  5:51  Factory Reactor, Combat Shields  
  83  5:54  SCV  
  74  6:16  Marine x3  
  74  6:17  SCV x2  
  74  6:29  SCV x2, Orbital Command  
  74  6:30  Terran Infantry Armor Level 1, Terran Infantry Weapons Level 1  
  74  6:31  Refinery x2  
  76  6:38  Factory Reactor  
  76  6:39  Marine x4  
  81  6:40  Marauder, Marine x2  
  81  6:41  SCV x2, Armory  
  81  6:43  Starport Reactor  
  86  6:48  Barracks  
  86  6:49  Supply Depot  
  86  6:50  Barracks  
  86  6:52  Orbital Command  
  86  6:53  SCV  
  87  6:57  Marine  
  88  7:03  SCV  
  88  7:07  Marine  
  90  7:08  Marine x5  
  90  7:15  Marine  
  92  7:22  SCV  
  92  7:23  SCV  
  92  7:25  Marine  
  92  7:26  Marine  
  92  7:27  Marauder, SCV  
  95  7:34  SCV  
  95  7:35  SCV  
  97  7:38  Marine x4  
  97  7:41  Widow Mine, Barracks Tech Lab x2  
  97  7:42  Widow Mine, Medivac x2  
  109  7:45  SCV  
  109  7:47  SCV x2  
  109  7:48  Supply Depot, Marauder  
  109  7:50  Bunker, Marine x2  
  116  7:54  Supply Depot  
  116  7:56  Marine  
  117  8:04  Supply Depot  
  117  8:05  Supply Depot  
  117  8:06  Supply Depot  
  117  8:09  Marine x5  
  117  8:10  Marauder, SCV  
  125  8:15  Widow Mine x2, Marine x3, SCV  
  133  8:25  Medivac x2, SCV x2  
  133  8:26  Terran Infantry Weapons Level 2, Terran Infantry Armor Level 2  
  139  8:27  Marine x4, SCV  
  139  8:30  Supply Depot x2  
  144  8:37  SCV x2  
  146  8:48  Marine  
  146  8:49  Marine x5  
  146  8:50  Marauder  
  154  9:00  Marine x2  
  151  9:06  Marine  
  151  9:07  Marine  
  151  9:11  Marauder  
  98  9:27  Marine x8  
  98  9:28  Widow Mine x2  
  98  9:29  Medivac x2  
  113  9:32  Marine  
  113  9:35  Missile Turret  
  111  9:39  Missile Turret  
  111  9:44  Marine  
  111  9:45  Marine x6  
  114  9:46  Marauder  
  120  9:55  SCV  
  120  9:58  SCV x2  
  123  10:00  Marine  
  123  10:01  Widow Mine x2  
  123  10:02  Marine  
  123  10:03  Marine x4  
  123  10:04  Marine x2  
  123  10:05  Supply Depot  
  135  10:07  Marauder, SCV  
  135  10:10  Unknown  
  135  10:11  Unknown  
  138  10:17  Marine  
Tags
 
Add a new tag
Caveats
  • Supply blocks, unpowered buildings, or Contaminate may cause inaccurate times.
  • Supply counts are checked every 10 seconds.